 Dungeon Crawl Stone Soup version 0.23.2-40-g277498a001 (webtiles) character file.

Game seed: 7705463068021414923

50 MalarOregon the Ducker (level 3, -2/28 HPs)
             Began as a Merfolk Skald on Aug 13, 2019.
             Killed from afar by Sigmund (5 damage)
             ... with a puff of flame
             ... on level 2 of the Dungeon.
             The game lasted 00:03:05 (2151 turns).

MalarOregon the Ducker (Merfolk Skald)              Turns: 2151, Time: 00:03:06

Health: -2/28      AC: 11    Str: 12    XL:     3   Next: 79%
Magic:  6/6        EV:  3    Int: 12    God:
Gold:   118        SH:  0    Dex: 13    Spells: 5/6 levels left

rFire    . . .     SeeInvis .   a - +0 falchion
rCold    + . .     Gourm    .   (no shield)
rNeg     . . .     Faith    .   i - +1 plate armour {rC+}
rPois    .         Spirit   .   (no helmet)
rElec    .         Reflect  .   (no cloak)
rCorr    .         Harm     .   (no gloves)
MR       .....                  (no boots)
Stlth    ..........             (no amulet)
HPRegen  0.09/turn              (no ring)
MPRegen  0.10/turn              (no ring)

@: no status effects
A: change form in water, swift swim, stealthy swim
a: no special abilities


You were on level 2 of the Dungeon.
You were not hungry.

You visited 1 branch of the dungeon, and saw 2 of its levels.

You collected 118 gold pieces.

Inventory:

Hand Weapons
 a - a +0 falchion (weapon)
Armour
 i - a +1 plate armour of cold resistance (worn)
   (You found it on level 1 of the Dungeon)
Jewellery
 h - an uncursed ring of protection from cold {unknown}
   (You found it on level 1 of the Dungeon)
Scrolls
 b - 3 scrolls of teleportation {unknown}
 c - 2 scrolls of magic mapping {unknown}
 d - a scroll of identify {@r1}
 f - a scroll of fear {unknown}
 k - a scroll of fog {unknown}
Potions
 j - 4 potions of curing {@q1}
 l - a potion of brilliance {unknown}
Comestibles
 e - 4 rations {!d}


   Skills:
 + Level 2.9 Fighting
 + Level 2.9 Long Blades
 + Level 1.3 Armour
 + Level 3.4 Dodging
 - Level 2.0 Spellcasting
 - Level 3.2 Charms


You had 5 spell levels left.
You knew the following spells:

 Your Spells              Type           Power        Failure   Level  Hunger
a - Infusion              Chrm           #...         100%        1    ##.....

Your spell library contained the following spells:

 Spells                   Type           Power        Failure   Level  Hunger
 Shroud of Golubria       Chrm/Tloc      #.........   100%        2    ###....
 Song of Slaying          Chrm           #.......     100%        2    ###....
 Regeneration             Chrm/Necr      #.........   100%        3    ####...
 Spectral Weapon          Hex/Chrm       #.......     100%        3    ####...


Dungeon Overview and Level Annotations

Branches:
Dungeon (2/15)

Altars:

Annotations:
D:2 Sigmund


Message History

Found a stone staircase leading down.
Sigmund the Dreaded comes into view.
He is wielding a +0 scythe of protection and wearing a +2 robe of fire resistance.
Sigmund shouts!
Blink to where?
You are very lightly contaminated with residual magic.
As you read the scroll labeled AWOIJIUCRE, it crumbles to dust.
It was a scroll of blinking.
Sigmund points at you and mumbles some strange words.
The magic dart hits you.
You barely miss Sigmund. Sigmund barely misses you.
You hit Sigmund but do no damage.
Sigmund gestures wildly while chanting.
Sigmund flickers and vanishes!
Deactivating autopickup; reactivate with Ctrl-A.
As you read the scroll labeled BUASHR SUPTOG, it crumbles to dust.
It is a scroll of identify.
j - 4 potions of curing Something hits you but does no damage.
A puff of flame appears from out of thin air!
The puff of flame hits you but does no damage.
You hear some strange, mumbled words.
Something tries to affect you, but you resist.
Something tries to affect you, but you resist.
You hear some strange, mumbled words.
Something tries to affect you, but you resist.
You hear some strange, mumbled words.
A puff of flame appears from out of thin air!
The puff of flame hits you! Something hits you!
* * * LOW HITPOINT WARNING * * *
A puff of flame appears from out of thin air!
The puff of flame hits you.
* * * LOW HITPOINT WARNING * * *
All of the chunks of flesh in your inventory have rotted away.
Your magical contamination has completely faded away.
Sigmund casts a spell at you.
You are confused.
Okay, then.
You're too confused to move!
Sigmund gestures at you while chanting. You resist with significant effort.
Sigmund gestures at you while chanting. The magic dart hits you!
* * * LOW HITPOINT WARNING * * *
You feel less confused.
Sigmund hits you from afar with a +0 scythe of protection.
* * * LOW HITPOINT WARNING * * *
Sigmund casts a spell at you. The puff of flame hits you.
You die...

#........#........##.####
#############........##.#
#.......# #........##.#
........# #........##.#
#.......# #######..####
#.......# #..#
#####.###### #..# ##
#......########..# .#
#.......@...@...<# .#
##.....########..# .##
##############..# ..#
########........# .##
#.........####.##### ..#
#.........# #.....# .##
#.........# #####.# .#
##.........# ####.# .#
#..........#####....#


You could see Sigmund.

Vanquished Creatures
  An ooze (D:2)
  2 worms (D:2)
  2 dart slugs (D:2)
  A giant cockroach (D:1)
  4 goblins
  5 hobgoblins
  5 jackals (D:1)
  3 kobolds
  5 bats
  A frilled lizard (D:1)
  4 rats
33 creatures vanquished.

Notes
Turn   | Place    | Note
-------+----------+-------------------------------------------
     0 | D:1      | MalarOregon the Merfolk Skald began the quest for the Orb.
     0 | D:1      | Reached XP level 1. HP: 16/16 MP: 3/3
   375 | D:1      | You fall through a shaft!
   383 | D:2      | Reached skill level 1 in Armour
   383 | D:2      | Reached XP level 2. HP: 22/23 MP: 5/5
  1037 | D:2      | Reached XP level 3. HP: 8/28 MP: 6/6
  2103 | D:2      | Noticed Sigmund
  2151 | D:2      | Killed from afar by Sigmund

Skill      XL: |  1 |
---------------+----+-----
Armour         | 1 |  1.3
Dodging        | 3 |  3.4
Fighting       | |  2.9
Long Blades    | |  2.9
Spellcasting   | |  2.0
Charms         | |  3.2

Action                   || total
-------------------------++-------
Melee: Falchion          ||   155
  Use: Scroll            ||     2
 Stab: Sleeping          ||     1
  Eat: Chunk             ||     4
Armor: Leather armour    ||    13
       Plate armour      ||    66
Dodge: Dodged            ||    65
       Rpst.: Falchion   ||    20
